 Dungeon Crawl Stone Soup version 0.25.1-2-g60ff931df9 (webtiles) character file.

Game seed: 12908430142627861445

109 FrostyBoy the Slasher (level 4, -4/40 HPs)
             Began as a Draconian Berserker on Oct 15, 2020.
             Was a Believer of Trog.
             Killed by divine providence
             ... invoked by an orc priest
              (14 damage)
             ... on level 3 of the Dungeon.
             The game lasted 00:05:37 (2871 turns).

FrostyBoy the Slasher (Draconian Berserker)         Turns: 2871, Time: 00:05:37

Health: -4/40      AC:  5    Str: 20    XL:     4   Next: 60%
Magic:  4/4        EV: 13    Int:  8    God:    Trog [**....]
Gold:   60         SH:  0    Dex: 10    Spells: 3/3 levels left

rFire    . . .     SeeInvis .   a - +0 falchion
rCold    . . .     Gourm    .   (no shield)
rNeg     . . .     Faith    .   (armour unavailable)
rPois    .         Spirit   .   (helmet restricted)
rElec    .         Reflect  .   (no cloak)
rCorr    .         Harm     .   (no gloves)
MR       .....                  (no boots)
Stlth    +.........             (no amulet)
HPRegen  0.13/turn              (no ring)
MPRegen  0.09/turn              (no ring)

@: no status effects
A: unfitting armour, cold-blooded, AC +5
a: Berserk, Trog's Hand, Renounce Religion


You were on level 3 of the Dungeon.
You worshipped Trog.
Trog was pleased with you.
You were not hungry.

You visited 1 branch of the dungeon, and saw 3 of its levels.

You collected 60 gold pieces.

Inventory:

Hand Weapons
 a - a +0 falchion (weapon)
Jewellery
 i - a +6 ring of dexterity {unknown}
 p - an uncursed ring of protection from magic {unknown}
Scrolls
 b - 2 scrolls of enchant armour {unknown}
 d - 4 scrolls of identify {unknown}
 h - a scroll of remove curse {unknown}
 j - a scroll of blinking {unknown}
 o - a scroll of teleportation {unknown}
 r - a scroll of amnesia {unknown}
Potions
 c - a potion of cancellation {unknown}
 e - a potion of magic {unknown}
 g - a potion of heal wounds {unknown}
 l - a potion of flight {unknown}
 m - a potion of brilliance {unknown}
 n - a potion of invisibility {unknown}
 q - a potion of might {unknown}
Comestibles
 f - 5 rations
 k - 2 chunks of flesh


   Skills:
 + Level 4.1 Fighting
 + Level 4.3 Long Blades
 + Level 3.3 Dodging
 + Level 0.3 Stealth


You had 3 spell levels left.
You didn't know any spells.
Your spell library was empty.

Dungeon Overview and Level Annotations

Branches:
Dungeon (3/15)

Altars:
Cheibriados
Fedhas
Hepliaklqana
Kikubaaqudgha
Okawaru
Ru
Sif Muna
Yredelemnul
The Shining One


Innate Abilities, Weirdness & Mutations

Your plain brown scales are hard. (AC +5)
You cannot fit into any form of body armour.
You are cold-blooded and may be slowed by cold attacks.


Message History

There is a basalt altar of Yredelemnul here.
An adder comes into view.
The orc priest looks encouraged for a moment.
The adder hisses angrily.
You hear a shout!
The orc throws a boomerang of dispersal.
The boomerang of dispersal hits you.
You blink.
There is a shimmering blue altar of Sif Muna here.
A hobgoblin comes into view. It is wielding a +0 club.
The orc priest mumbles some strange prayers to Beogh against you.
Beogh smites you!
You barely miss the orc.
Your tail-slap misses the orc.
The orc priest casts a cantrip, but nothing happens.
The goblin closely misses you.
The orc priest mumbles some strange prayers to Beogh against you.
Beogh smites you!
* * * LOW HITPOINT WARNING * * *
The orc hits you but does no damage.
The orc priest calls down the wrath of Beogh upon you.
Beogh smites you!
You die...

#### #....
############.....
#..<.............
#...†....._......
#......._.o......
#........o.g.....
#....).@g.S.._...
#.........o......
#..<........_....
#........._...#.#
.<.........%....#
############.####
.# ##


You could see 2 orc priests, an adder, an orc, a hobgoblin and a goblin.

Vanquished Creatures
  Robin (D:2)
  A gnoll (D:1)
  3 adders (D:2)
  An ooze (D:1)
  A worm (D:2)
  A dart slug (D:2)
  A leopard gecko (D:2)
  A ball python (D:1)
  5 giant cockroaches
  12 goblins
  3 hobgoblins (D:2)
  3 quokkas (D:2)
  6 bats
  3 frilled lizards
  5 kobolds
  2 rats (D:2)
  A plant (D:2)
50 creatures vanquished.

Notes
Turn   | Place    | Note
-------+----------+-------------------------------------------
     0 | D:1      | FrostyBoy the Draconian Berserker began the quest for the
                  | Orb.
     0 | D:1      | Reached XP level 1. HP: 19/19 MP: 1/1
   259 | D:1      | Reached XP level 2. HP: 22/26 MP: 2/2
   764 | D:1      | Reached XP level 3. HP: 28/33 MP: 3/3
  1462 | D:2      | Found a blossoming altar of Fedhas.
  1462 | D:2      | Found an ancient bone altar of Kikubaaqudgha.
  1885 | D:2      | Found a snail-covered altar of Cheibriados.
  1949 | D:2      | Reached XP level 4. HP: 33/40 MP: 4/4
  2395 | D:2      | Noticed Robin
  2460 | D:2      | Reached ** piety under Trog
  2466 | D:2      | Killed Robin
  2855 | D:3      | Found a glowing golden altar of the Shining One.
  2855 | D:3      | Found a basalt altar of Yredelemnul.
  2855 | D:3      | Found a shimmering blue altar of Sif Muna.
  2855 | D:3      | Found an iron altar of Okawaru.
  2857 | D:3      | Found a hazy altar of Hepliaklqana.
  2858 | D:3      | Found a sacrificial altar of Ru.
  2871 | D:3      | Killed from afar by an orc priest

Illustrated notes

Levels and vault maps discovered:
D:1:      dpeg_arrival_arbitrary_c, layout_loops_ring, minmay_misc_feat_square
D:2:      layout_basic, grunt_temple_overflow_growth_and_decay,
          kennysheep_slug_shrine, first_ration, uniq_robin
D:3:      layout_rooms, grunt_temple_overflow_order_and_chaos_2,
          grunt_temple_overflow_open, glass_columns_a

Skill      XL: |  1  2  3  4 |
---------------+-------------+-----
Dodging        | 3 |  3.3
Fighting       | 4 |  4.1
Long Blades    | 4 |  4.3
Stealth        | |  0.3

Action                   |  1- 3 |  4- 6 || total
-------------------------+-------+-------++-------
Melee: Falchion          |   107 |    54 ||   161
       Tailslap          |    20 |    11 ||    31
  Eat: Ration            |     1 |       ||     1
       Chunk             |       |     3 ||     3
Armor: Skin              |    25 |    13 ||    38
Dodge: Dodged            |    74 |    39 ||   113
       Rpst.: Falchion   |    32 |    12 ||    44
